 Dungeon Crawl Stone Soup version 0.31-a0-865-g3d5d91748a (webtiles) character file.

Game seed: 17376625637721853341

1835 scionoferis the Slicer (level 9, 60/60 HPs)
             Began as a Kobold Brigand on Oct 10, 2023.
             Was a Follower of Wu Jian.
             Got out of the dungeon alive.
             The game lasted 00:12:32 (5619 turns).

scionoferis the Slicer (Kobold Brigand)             Turns: 5619, Time: 00:12:33

Health: 60/60      AC:  8    Str:  8    XL:     9   Next: 33%
Magic:  9/9        EV: 16    Int: 13    God:    Wu Jian [*.....]
Gold:   131        SH:  0    Dex: 20    Spells: 8/8 levels left

rFire   . . .        a - +2 dagger (elec)
rCold   . . .        (no shield)
rNeg    + . .        n - +0 leather armour
rPois   .            (no helmet)
rElec   .            c - +0 cloak
rCorr   .            m - +2 pair of gloves
SInv    .            f - +0 pair of boots
Will    +....        p - amulet of magic regeneration
Stlth   ++++         C - ring of willpower
HPRegen 0.30/turn    K - ring of positive energy
MPRegen 0.51/turn

%: no passive effects
@: studying Unarmed Combat
A: small, no large weapons, nightstalker 3
a: Renounce Religion


You escaped.
You worshipped Wu Jian.
Wu Jian was aware of your devotion.
You visited 2 branches of the dungeon, and saw 8 of its levels.

You collected 318 gold pieces.
You spent 187 gold pieces at shops.


Innate Abilities, Weirdness & Mutations

You are small and have problems with some larger weapons.
You are completely attuned to the shadows.


   Skills:
 + Level 8.8 Fighting
 - Level 10.0 Short Blades
 - Level 2.1 Throwing
 * Level 4.2 Dodging
 + Level 6.3 Stealth


You had 8 spell levels left.
You didn't know any spells.
Your spell library was empty.

Inventory:

Hand Weapons
 a - a +2 dagger of electrocution (weapon)
   (You bought it in a shop on level 1 of the Dungeon)
 t - a +0 dagger of draining
   (You took it off a goblin on level 3 of the Dungeon)
 B - a +2 dagger
 D - a +0 rapier
   (You found it on level 5 of the Dungeon)
Missiles
 d - 34 poisoned darts
 e - 3 curare-tipped darts
 s - 5 atropa-tipped darts (quivered)
 u - 4 boomerangs
Armour
 c - a +0 cloak (worn)
 f - a +0 pair of boots (worn)
   (You found it on level 1 of the Dungeon)
 m - a +2 pair of gloves (worn)
   (You found it on level 2 of the Dungeon)
 n - a +0 leather armour (worn)
   (You found it on level 2 of the Dungeon)
Jewellery
 p - an amulet of magic regeneration (around neck)
   (You found it on level 2 of the Dungeon)
 C - a ring of willpower (left hand)
   (You found it on level 5 of the Dungeon)
 E - a ring of resist corrosion
   (You found it on level 5 of the Dungeon)
 F - a ring of flight
   (You found it on level 5 of the Dungeon)
 K - a ring of positive energy (right hand)
   (You found it on level 7 of the Dungeon)
 L - a ring of poison resistance
   (You took it off an orc on level 7 of the Dungeon)
Wands
 r - a wand of iceblast (12)
   (You found it on level 2 of the Dungeon)
Scrolls
 g - 2 scrolls of brand weapon {unknown}
 k - 3 scrolls of vulnerability
 o - a scroll of enchant weapon {unknown}
 v - 2 scrolls of revelation {unknown}
 w - a scroll of poison {unknown}
 y - 3 scrolls of teleportation {unknown}
 A - a scroll of identify {unknown}
 G - a scroll of amnesia {unknown}
 H - a scroll of noise {unknown}
 J - a scroll of fear {unknown}
Potions
 b - 2 potions of brilliance {unknown}
 h - 2 potions of degeneration {unknown}
 i - a potion of curing {unknown}
 j - 3 potions of enlightenment {unknown}
 l - 2 potions of magic {unknown}
 q - 2 potions of cancellation {unknown}
 x - 2 potions of lignification {unknown}
 z - 2 potions of attraction {unknown}
 I - 2 potions of mutation {unknown}

Dungeon Overview and Level Annotations

Branches:
Dungeon (7/15)             Temple (1/1) D:5

Altars:
Cheibriados
Dithmenos
Elyvilon
Fedhas
Gozag
Hepliaklqana
Makhleb
Nemelex Xobeh
Okawaru
Qazlal
Ru
Sif Muna
Trog
Uskayaw
Wu Jian
Xom
Yredelemnul
Zin
The Shining One

Shops:
D:1 ( D:7

* .......#
#..##.#..........#
......#####...............#
......###...#.............#
......>...######).........#
.......#### #..........#
.......# #######'#.#####
.......# #.....'.'.#
.......# #.##'##.###
......## #.#.@.#.# .....##
#.#...#.# ###### #.##+##.#
#.......# #########


There were no monsters in sight!


Message History

You hit the shadow imp.
Lightning courses through the shadow imp!
You kill the shadow imp!
You have reached level 8!
You hit the orc. Lightning courses through the orc!!
You kill the orc!
Things that are here:
a +0 club; 5 stones; an orc corpse
Things that are here:
a +0 falchion; a +0 leather armour
Things that are here:
a +0 whip of venom; a +0 scale mail; a +0 flail You see here a +0 flail.
You start resting.
HP restored.
Things that are here:
a +0 whip of venom; a +0 scale mail; a +0 flail
z - 2 orange potions (gained 1)
Found a staircase to the Ecumenical Temple.
There is a staircase to the Ecumenical Temple here.
You fly downwards.
Welcome to the Ecumenical Temple!
Found a snail-covered altar of Cheibriados and a glowing silver altar of Zin.
Found a staircase back to the Dungeon.
There is a staircase back to the Dungeon here.
Search for what [Enter for "shop", or ? for help]? jian
Found a shimmering altar of Xom and a bloodstained altar of Trog.
Found a glowing golden altar of the Shining One.
Found a blossoming altar of Fedhas.
Found a stormy altar of Qazlal.
There is a glowing golden altar of the Shining One here.
Found an ornate altar of the Wu Jian Council.
There is an ornate altar of the Wu Jian Council here.
You hover solemnly before the altar of Wu Jian.
The Council welcomes you!
You can now perform damaging attacks by moving towards foes.
Unknown command.
Press < or > to pray at altars.
Unknown command.
Press < or > to pray at altars.
Found a white marble altar of Elyvilon.
Found a sparkling altar of Nemelex Xobeh.
There is a staircase back to the Dungeon here.
You fly upwards.
Welcome back to the Dungeon!
There is a staircase to the Ecumenical Temple here.
You now have 31 gold pieces (gained 8).
An orc comes into view. It is wielding a +0 whip.
The orc moves out of view.
Okay, then.
An orc and an orc wizard come into view.
You lunge at the orc wizard, in a flurry of attacks.
The orc shouts!
The orc wizard shouts!
You hit the orc wizard.
The orc wizard is moderately wounded.
You hit the orc wizard.
The orc wizard is severely wounded.
You hear a shout!
The orc wizard casts a spell at you. The puff of flame hits you.
You hear a shout!
You hit the orc wizard.
The orc wizard is almost dead.
The orc wizard barely misses you.
You hit the orc wizard.
You kill the orc wizard!
The Council accepts your kill. The orc closely misses you.
Things that are here:
a +0 hand axe; a +0 robe You hit the orc.
Lightning courses through the orc!
You kill the orc!
The Council accepts your kill.
No target in view!
An orc comes into view. It is wielding a +0 club.
Found a stone staircase leading up.
Things that are here:
a +0 whip; 2 boomerangs; 13 gold pieces A white imp comes into view.
You lunge at the orc, in a flurry of attacks.
You hit the orc but do no damage. You hit the orc.
Lightning courses through the orc!
You kill the orc!
The Council accepts your kill.
An orc comes into view. It is wielding a +0 mace.
Found a scroll labelled KAHISHRU KAONIC.
The white imp gestures at you. The puff of frost hits you.
A shadow imp comes into view.
Things that are here:
a +0 club; a +0 ring mail The white imp gestures at you.
The puff of frost hits you.
You hit the white imp.
Lightning courses through the white imp!
You kill the white imp!
The Council accepts your kill.
You start resting.
HP restored.
You lunge at the orc, in a flurry of attacks.
You catch the helpless orc completely off-guard!
You impale the orc!!
You kill the orc!
The Council accepts your kill.
No target in view!
No target in view!
u - 4 boomerangs (gained 2)
You now have 44 gold pieces (gained 13).
You see here a +0 whip.
Things that are here:
a +0 club; a +0 ring mail
H - a scroll labelled KAHISHRU KAONIC A white imp comes into view.
The shadow imp shouts!
The white imp shouts, "Remove thy stench, thou fobbing elf-skinned flirt-gill!"
You hear an angry hiss.
You hear a shout!
An adder comes into view.
A shadow imp comes into view.
You lunge at the shadow imp, in a flurry of attacks.
You hit the shadow imp but do no damage.
You puncture the shadow imp!
The shadow imp is heavily wounded.
The shadow imp barely misses you.
You hit the shadow imp.
The shadow imp is severely wounded.
The shadow imp closely misses you. The white imp gestures at you.
The puff of frost hits you.
The shadow imp shouts, "Fly, thou ducking ill-breeding bounder!"
You closely miss the shadow imp.
The shadow imp is severely wounded.
The white imp gestures at you. The puff of frost hits you.
You hit the shadow imp but do no damage.
The shadow imp is severely wounded.
The adder closely misses you.
You hit the shadow imp.
The shadow imp is severely wounded.
The shadow imp gestures at you. You resist with some effort.
The white imp hits you but does no damage.
The shadow imp gestures at you. Pain shoots through your body!
You hit the adder.
The adder is moderately wounded.
The adder bites you but does no damage.
You hit the adder but do no damage.
The adder is moderately wounded.
The adder bites you.
The shadow imp hits you but does no damage.
The white imp hits you. The white imp freezes you.
You hit the adder but do no damage.
The adder is moderately wounded.
You hit the adder.
The adder is heavily wounded.
The adder bites you but does no damage. The shadow imp misses you.
The shadow imp barely misses you. The white imp closely misses you.
Unknown command.
You hit the adder.
The adder is almost dead.
The adder barely misses you.
You closely miss the adder.
The adder is almost dead.
The shadow imp hits you. The shadow imp closely misses you.
The white imp gestures at you. The puff of frost misses you.
The adder bites you but does no damage.
You hit the adder.
You kill the adder!
The Council accepts your kill.
You hit the shadow imp but do no damage.
The shadow imp hits you. The white imp misses you.
The shadow imp closely misses you.
You hit the shadow imp.
The shadow imp is almost dead.
You hit the shadow imp.
You kill the shadow imp!
The Council accepts your kill. The white imp gestures at you.
The puff of frost misses you. The shadow imp closely misses you.
You closely miss the shadow imp. The white imp hits you.
The white imp freezes you. The shadow imp barely misses you.
You barely miss the shadow imp. You hit the shadow imp.
The shadow imp is lightly wounded.
The white imp closely misses you. The shadow imp barely misses you.
You hit the shadow imp but do no damage.
The shadow imp is lightly wounded.
You hit the shadow imp.
The shadow imp is lightly wounded.
The white imp gestures at you. The puff of frost hits you.
* * * LOW HITPOINT WARNING * * *
The shadow imp barely misses you.
You hit the shadow imp.
The shadow imp is moderately wounded.
You hit the shadow imp but do no damage.
The shadow imp is moderately wounded.
The white imp gestures at you. The puff of frost hits you!
* * * LOW HITPOINT WARNING * * *
The shadow imp hits you but does no damage.
You hit the shadow imp.
The shadow imp is heavily wounded.
You puncture the shadow imp!
You kill the shadow imp!
The Council accepts your kill. The white imp gestures at you.
The puff of frost hits you but does no damage.
You hit the white imp but do no damage. You hit the white imp but do no damage.
The white imp barely misses you.
You hit the white imp.
The white imp is lightly wounded.
You hit the white imp.
The white imp is moderately wounded.
The white imp barely misses you.
You hit the white imp but do no damage.
The white imp is moderately wounded.
You hit the white imp but do no damage.
Lightning courses through the white imp!
You kill the white imp!
The Council accepts your kill.
There is a stone staircase leading up here.
You fly upwards.
There is a stone staircase leading down here.
You start resting.
HP restored.
You fly downwards.
There is a stone staircase leading up here.
Found a dagger.
Found 8 stones.
You see here 8 stones.
Found a stone staircase leading down.
Done exploring.
Unknown command.
Search for what [Enter for "jian", or ? for help]? armour Unknown command.
There is a stone staircase leading down here.
Unknown command.
You fly downwards.
Found 2 brown potions.
Found a stone staircase leading up.
There is a stone staircase leading up here.
A sleepcap comes into view.
You see here a brown potion.
An orc wizard comes into view.
It is wielding a +0 dagger. 2 orcs come into view.
The orc shouts!
You see here a brown potion.
I - a brown potion An orc wizard comes into view.
It is wielding a +0 dagger.
There is a stone staircase leading up here.
The orc misses you.
You fly upwards.
There is a stone staircase leading down here.
You hit the orc.
The orc is moderately wounded.
You hit the orc.
The orc is severely wounded.
The orc hits you but does no damage.
You closely miss the orc.
The orc is severely wounded.
You hit the orc. Lightning courses through the orc!
You kill the orc!
The Council accepts your kill.
No target in view!
You fly downwards.
The orc hits you but does no damage. The orc barely misses you.
There is a stone staircase leading up here.
The orc closely misses you.
You fly upwards.
There is a stone staircase leading down here.
You barely miss the orc. You hit the orc.
The orc is moderately wounded.
The orc hits you but does no damage.
You closely miss the orc.
The orc is moderately wounded.
You hit the orc.
The orc is heavily wounded.
The orc misses you.
You hit the orc but do no damage.
The orc is heavily wounded.
You closely miss the orc.
The orc is heavily wounded.
The orc barely misses you.
You hit the orc but do no damage.
The orc is heavily wounded.
You hit the orc. You punch the orc, but do no damage.
The orc is almost dead.
The orc barely misses you.
You hit the orc.
You kill the orc!
The Council accepts your kill.
No target in view!
Things that are here:
a +0 dagger; a +0 leather armour; an orc corpse
There is a stone staircase leading down here.
You fly downwards.
There is a stone staircase leading up here.
The orc wizard shouts!
You hear a shout!
The orc wizard hits you with a +0 dagger.
You fly upwards.
There is a stone staircase leading down here.
You barely miss the orc wizard.
You hit the orc wizard but do no damage.
The orc wizard misses you.
You hit the orc wizard.
Lightning courses through the orc wizard!!
You kill the orc wizard!
The Council accepts your kill.
No target in view!
Things that are here:
a +0 dagger; a +0 robe; a +0 whip
There is a stone staircase leading down here.
You start resting.
HP restored.
You fly downwards.
There is a stone staircase leading up here.
There is a stone staircase leading up here.
You hit the orc wizard but do no damage.
You hit the orc wizard.
The orc wizard is moderately wounded.
The orc wizard closely misses you.
You hit the orc wizard.
The orc wizard is moderately wounded.
The orc wizard hits you but does no damage.
You hit the orc wizard.
The orc wizard is severely wounded.
You hit the orc wizard. Your punch misses the orc wizard.
The orc wizard is severely wounded.
The orc wizard hits you but does no damage.
You hit the orc wizard but do no damage.
The orc wizard is severely wounded.
You hit the orc wizard but do no damage.
The orc wizard is severely wounded.
The orc wizard mumbles some strange words.
The orc wizard flickers and vanishes!
Deactivating autopickup; reactivate with Ctrl-A.
You miss something. You hit something but do no damage.
You hear some strange, mumbled words.
A puff of flame appears from out of thin air!
The puff of flame misses you.
You hit something. The Council accepts your kill.
Reactivating autopickup.
You feel a bit more experienced.
Things that are here:
a +0 dagger; a +0 robe
I - 2 brown potions (gained 1)
Found a scroll labelled XYAXKU HOSTRE.
You lunge at the sleepcap, in a flurry of attacks.
You hit the sleepcap.
The sleepcap is lightly damaged.
You hit the sleepcap.
The sleepcap is moderately damaged.
The sleepcap barely misses you.
You hit the sleepcap but do no damage.
The sleepcap is moderately damaged.
The sleepcap releases spores at you.
You hit the sleepcap. Lightning courses through the sleepcap!
The sleepcap is almost destroyed.
You hit the sleepcap but do no damage.
The sleepcap is almost destroyed.
The sleepcap closely misses you.
You hit the sleepcap but do no damage.
The sleepcap is almost destroyed.
You hit the sleepcap but do no damage.
The sleepcap is almost destroyed.
The sleepcap releases spores at you.
You hit the sleepcap but do no damage.
The sleepcap is almost destroyed.
You hit the sleepcap.
The sleepcap is almost destroyed.
The sleepcap releases spores at you.
You are engulfed in a cloud of soporific spores!
You fall asleep.
The sleepcap barely misses you. The sleepcap releases spores at you.
You wake up.
You are engulfed in a cloud of soporific spores!
You are unaffected.
You hit the sleepcap but do no damage.
The sleepcap is almost destroyed.
You hit the sleepcap but do no damage.
The sleepcap is almost destroyed.
The sleepcap releases spores at you but does no damage.
You hit the sleepcap but do no damage.
The sleepcap is almost destroyed.
The sleepcap completely misses you.
You hit the sleepcap.
You destroy the sleepcap!
The Council accepts your kill.
g - 2 scrolls labelled XYAXKU HOSTRE (gained 1)
Things that are here:
a +0 dagger; a +0 robe
There is a stone staircase leading up here.
As you read the scroll labelled YNIYCY WYASATT, it crumbles to dust.
Magic quickly surges around you.
It was a scroll of vulnerability.
HP restored.
You now have 56 gold pieces (gained 12).
You feel your willpower return.
An ufetubus comes into view.
The helpless ufetubus fails to defend itself.
You stick the ufetubus like a pincushion!!!
You kill the ufetubus!
The Council accepts your kill.
Found a whip.
Found 5 stones.
You see here 5 stones.
A kobold comes into view. It is wielding a +0 whip.
A kobold brigand and a kobold come into view.
The kobold brigand is wielding a +0 dagger and quivering poisoned darts.
You lunge at the kobold, in a flurry of attacks.
The helpless kobold fails to defend itself.
You perforate the kobold like a sieve!!!!
You kill the kobold!
The Council accepts your kill.
Things that are here:
a +0 whip; 2 stones; a kobold corpse You lunge at the kobold, in a flurry of attacks.
The helpless kobold fails to defend itself.
You spit the kobold like a pig!!! Lightning courses through the kobold!
You kill the kobold!
The Council accepts your kill.
You hit the kobold brigand but do no damage.
You closely miss the kobold brigand.
The kobold brigand hits you with a +0 dagger.
You hit the kobold brigand but do no damage.
You barely miss the kobold brigand. The kobold brigand closely misses you.
You hit the kobold brigand but do no damage.
Lightning courses through the kobold brigand!!
The kobold brigand is severely wounded.
You hit the kobold brigand.
The kobold brigand is almost dead.
The kobold brigand hits you with a +0 dagger.
You hit the kobold brigand.
You kill the kobold brigand!
The Council accepts your kill.
Training target 10.0 for Short Blades reached!
Your Fighting skill increases to level 6!
Your Short Blades skill increases to level 10!
d - 22 poisoned darts (gained 2)
Things that are here:
a +0 dagger; a +0 dagger; a kobold corpse
Found a leather armour.
You now have 61 gold pieces (gained 5).
x - 2 murky grey potions (gained 1)
A kobold comes into view. It is wielding a +0 short sword.
A kobold brigand comes into view.
It is wielding a +0 short sword and quivering poisoned darts.
A kobold comes into view. It is wielding a +0 short sword.
You lunge at the kobold, in a flurry of attacks.
The helpless kobold fails to defend itself.
You perforate the kobold like a sieve!!!!
You kill the kobold!
The Council accepts your kill.
Things that are here:
a +0 short sword; a kobold corpse A kobold comes into view.
It is wielding a +0 short sword.
You lunge at the kobold brigand, in a flurry of attacks.
The helpless kobold brigand fails to defend itself.
You spit the kobold brigand like a pig!!!!
Lightning courses through the kobold brigand!
You kill the kobold brigand!
The Council accepts your kill.
A kobold comes into view.
It is wielding a +0 dagger and quivering poisoned darts.
You lunge at the kobold, in a flurry of attacks.
The helpless kobold fails to defend itself.
You perforate the kobold like a sieve!!!!
Lightning courses through the kobold!
You kill the kobold!
The Council accepts your kill.
The kobold shouts! x2
The kobold throws a poisoned dart.
The poisoned dart barely misses you.
Things that are here:
a +0 short sword; 5 poisoned darts You lunge at the kobold, in a flurry of attacks.
You hit the kobold but do no damage. You closely miss the kobold.
The kobold hits you but does no damage.
Things that are here:
a +0 short sword; 2 stones; a kobold corpse You completely miss the kobold.
The kobold hits you but does no damage. The kobold closely misses you.
You closely miss the kobold. The kobold hits you with a +0 dagger.
The kobold hits you with a +0 short sword.
The kobold closely misses you. The kobold misses you.
Things that are here:
a +0 short sword; 2 stones; a kobold corpse The kobold barely misses you.
The kobold hits you but does no damage.
You hit the kobold. Lightning courses through the kobold!
You kill the kobold!
The Council accepts your kill. The kobold hits you but does no damage.
The kobold misses you.
Things that are here:
a +0 short sword; a stone; a kobold corpse You hit the kobold.
You kill the kobold!
The Council accepts your kill.
No target in view!
d - 29 poisoned darts (gained 7)
Things that are here:
a +0 dagger; a kobold corpse
d - 34 poisoned darts (gained 5)
You see here a +0 short sword.
Things that are here:
a +0 dagger; a kobold corpse
Found a stone staircase leading down.
Found a flail.
A jelly comes into view.
You see here 14 gold pieces.
You lunge at the jelly, in a flurry of attacks.
The helpless jelly fails to defend itself.
You skewer the jelly like a kebab!!!!
You kill the jelly!
The Council accepts your kill.
No target in view!
You now have 75 gold pieces (gained 14).
A hound comes into view.
The helpless hound fails to defend itself.
You stick the hound like a pincushion!!!!
You kill the hound!
The Council accepts your kill.
You now have 94 gold pieces (gained 19).
A jelly comes into view.
The jelly quivers.
You lunge at the jelly, in a flurry of attacks.
You hit the jelly. The acid corrodes you!
Your hands burn!
The jelly is heavily wounded.
You hit the jelly. Lightning courses through the jelly!
You kill the jelly!
The Council accepts your kill.
You can now lightly attack monsters by moving around them.
Your Fighting skill increases to level 7!
You are no longer corroded.
A bullfrog comes into view.
You lunge at the bullfrog, in a flurry of attacks.
The helpless bullfrog fails to defend itself.
You perforate the bullfrog like a sieve!!!!
Lightning courses through the bullfrog!
You kill the bullfrog!
The Council accepts your kill.
An adder comes into view.
You lunge at the adder, in a flurry of attacks.
The helpless adder fails to defend itself.
You perforate the adder like a sieve!!!!
You kill the adder!
The Council accepts your kill.
Found a short sword.
You see here a +0 short sword.
J - a scroll labelled NAFEGEANUE You can no longer perform spinning attacks.
Found a stone staircase leading down.
There is a stone staircase leading down here.
q - 2 grey potions (gained 1)
Found a stone staircase leading up.
Found a stone staircase leading down.
You now have 108 gold pieces (gained 14).
Found 2 stones.
An ogre comes into view. It is wielding a +0 giant club.
The ogre shouts!
Throw: 5 darts (atropa)
Press: ? - help, Q - select action, (/) - cycle Shift-Dir - straight line, f - ogre
Aim: an ogre, wielding a +0 giant club (77% to hit, chance to blind on hit: 63%)
You throw an atropa-tipped dart. The atropa-tipped dart hits the ogre.
The ogre appears confused.
Found a scroll labelled WAGICY REULLIO.
You lunge at the ogre, in a flurry of attacks.
You hit the ogre. Lightning courses through the ogre!
The ogre is severely wounded.
You hit the ogre but do no damage.
The ogre is severely wounded.
The ogre hits you with a +0 giant club!
Unknown command.
You hit the ogre.
The ogre is almost dead.
You catch the helpless ogre completely off-guard!
You impale the ogre!!
You kill the ogre!
The Council accepts your kill.
s - 5 atropa-tipped darts (gained 1)
You see here a +0 giant club.
y - 2 scrolls labelled WAGICY REULLIO (gained 1)
You see here a +0 short sword.
You see here a +0 whip.
Done exploring.
Done exploring.
Unknown command.
You see here a +0 flail.
There is a stone staircase leading down here.
You fly downwards.
There is a stone staircase leading up here.
A wight comes into view. It is wielding a +2 mace.
Press: ? - help, v - describe, . - travel
Here: a wight, wielding a +2 mace and wearing a +0 robe (dormant)
The floor. 2 orcs and a wight come into view. 2 orcs and 2 wights come into view.
An orc is wielding a +0 mace of holy wrath.
A wight is wielding a +2 antimagic hand axe.
Found a scratched iron ring.
You see here 16 gold pieces.
An orc and a wight come into view.
The wight is wielding a +2 dire flail of freezing.
You lunge at the wight, in a flurry of attacks.
The helpless wight fails to defend itself.
You stick the wight like a pincushion!!!!
Lightning courses through the wight!
You destroy the wight!
The Council accepts your kill.
Your Fighting skill increases to level 8!
Found 17 gold pieces.
You lunge at the orc, in a flurry of attacks.
The helpless orc fails to defend itself.
You spit the orc like a pig!!!!
You kill the orc!
The Council accepts your kill. The wight closely misses you.
The wight attacks as it pursues you! The wight misses you.
The orc attacks as it pursues you! The orc closely misses you.
The orc attacks as it pursues you! The orc hits you but does no damage.
The wight completely misses you. The wight closely misses you.
The wight attacks as it pursues you! The wight hits you with a +2 battleaxe.
You feel drained. The wight attacks as it pursues you!
The wight closely misses you.
There is a stone staircase leading up here.
You fly upwards.
There is a stone staircase leading down here.
HP restored.
There is a stone staircase leading down here.
You fly downwards.
There is a stone staircase leading up here.
There is a stone staircase leading up here.
Found a stone staircase leading down.
There is a stone staircase leading down here.
A centaur comes into view.
The centaur shouts!
The centaur wields a +0 orcbow.
The centaur shoots an arrow.
The arrow closely misses you.
You lunge at the centaur, in a flurry of attacks.
You hit the centaur.
The centaur is lightly wounded.
You hit the centaur.
The centaur is lightly wounded.
The centaur unwields a +0 orcbow.
The centaur misses you.
The centaur kicks you but does no damage.
The centaur hits you but does no damage.
The centaur kicks you but does no damage.
You barely miss the centaur.
The centaur is lightly wounded.
The centaur hits you but does no damage.
The centaur misses you.
You barely miss the centaur.
The centaur is lightly wounded.
Unknown command.
You hit the centaur.
The centaur is moderately wounded.
The centaur hits you. The centaur closely misses you.
You hit the centaur.
The centaur is moderately wounded.
The centaur hits you but does no damage.
The centaur kicks you but does no damage.
You hit the centaur but do no damage.
The centaur is moderately wounded.
The centaur completely misses you. The centaur closely misses you.
You hit the centaur but do no damage.
The centaur is moderately wounded.
You hit the centaur. Lightning courses through the centaur!!
You kill the centaur!
The Council accepts your kill.
Your life force feels restored.
You have reached level 9!
Your experience leads to an increase in your attributes!
Increase (S)trength, (I)ntelligence, or (D)exterity?
You feel agile. x2
HP restored.
You see here a +0 orcbow.
You now have 124 gold pieces (gained 16).
You now have 131 gold pieces (gained 7).
Found a stone staircase leading down.
A howler monkey comes into view.
The howler monkey howls!
You hear a howl! x2
A howler monkey comes into view.
A howler monkey comes into view.
You lunge at the howler monkey, in a flurry of attacks.
You puncture the howler monkey!
Lightning courses through the howler monkey!
You kill the howler monkey!
The Council accepts your kill. The howler monkey hits you.
The howler monkey completely misses you.
You see here a howler monkey corpse.
You barely miss the howler monkey.
The howler monkey attacks as it pursues you!
The howler monkey closely misses you.
The howler monkey hoots and howls with incredible vigour!
The howler monkey barely misses you.
You hear a shout! x6
The howler monkey hoots and howls with incredible vigour!
You hear a shout! x2
You lunge at the howler monkey, in a flurry of attacks.
You completely miss the howler monkey. You hit the howler monkey.
The howler monkey is moderately wounded.
The howler monkey closely misses you.
The howler monkey attacks as it pursues you!
The howler monkey closely misses you.
The howler monkey hoots and howls with incredible vigour!
The howler monkey attacks as it pursues you!
The howler monkey hits you.
You hit the howler monkey but do no damage.
The howler monkey hits you but does no damage.
You hit the howler monkey.
Lightning courses through the howler monkey!
The howler monkey is severely wounded.
The howler monkey hoots and howls with incredible vigour!
The howler monkey misses you.
You hit the howler monkey.
You kill the howler monkey!
The Council accepts your kill.
You can now lightly attack monsters by moving around them.
Your Dodging skill increases to level 2!
You lunge at the howler monkey, in a flurry of attacks.
You barely miss the howler monkey.
The howler monkey is moderately wounded.
You hit the howler monkey.
The howler monkey is heavily wounded.
The howler monkey hoots and howls with incredible vigour!
You puncture the howler monkey!
The howler monkey is almost dead.
The howler monkey closely misses you.
You hit the howler monkey.
You kill the howler monkey!
The Council accepts your kill.
K - a ring of positive energy You're wearing all the rings you can.
Remove which one? (? for menu, Esc to cancel) < or
C - a ring of willpower; > or
F - a ring of flight You remove your ring of flight.
You float gracefully downwards.
K - a ring of positive energy (right hand)
A bullfrog comes into view.
The bullfrog hits you but does no damage.
You hit the bullfrog. Your punch misses the bullfrog.
The bullfrog is moderately wounded.
The bullfrog closely misses you.
You hit the bullfrog.
The bullfrog is heavily wounded.
The bullfrog hits you but does no damage.
You hit the bullfrog.
The bullfrog is severely wounded.
You miss the bullfrog.
The bullfrog is severely wounded.
The bullfrog misses you.
You barely miss the bullfrog.
The bullfrog is severely wounded.
The bullfrog hits you.
You puncture the bullfrog! Lightning courses through the bullfrog!
You kill the bullfrog!
The Council accepts your kill.
No target in view!
y - 3 scrolls labelled WAGICY REULLIO (gained 1)
A howler monkey comes into view.
The howler monkey howls!
The howler monkey barely misses you.
You hear a shout!
You hit the howler monkey.
The howler monkey is lightly wounded.
You hear a shout!
You hit the howler monkey.
Lightning courses through the howler monkey!
The howler monkey is almost dead.
You hit the howler monkey.
Lightning courses through the howler monkey!
You kill the howler monkey!
The Council accepts your kill.
Your Dodging skill increases to level 3!
No target in view!
A sky beast comes into view.
An orc wizard comes into view. It is wielding a +0 dagger.
You lunge at the sky beast, in a flurry of attacks.
You barely miss the sky beast. You hit the sky beast.
The sky beast is lightly wounded.
The sky beast hits you. The sky beast shocks you.
You closely miss the sky beast.
The sky beast is lightly wounded.
The sky beast barely misses you.
Unknown command.
You closely miss the sky beast.
The sky beast is lightly wounded.
You closely miss the sky beast.
The sky beast is lightly wounded.
The sky beast barely misses you.
You hit the sky beast.
The sky beast is moderately wounded.
You hit the sky beast.
The sky beast is moderately wounded.
The sky beast hits you but does no damage.
The orc wizard casts a spell.
The orc wizard flickers and vanishes!
Deactivating autopickup; reactivate with Ctrl-A.
You puncture the sky beast!
The sky beast is heavily wounded.
You hit the sky beast.
The sky beast is severely wounded.
The sky beast hits you but does no damage.
You barely miss the sky beast.
The sky beast is severely wounded.
Okay, then.
You hit the sky beast but do no damage.
The sky beast is severely wounded.
The sky beast misses you.
You hit the sky beast.
The sky beast is severely wounded.
You miss the sky beast.
The sky beast is severely wounded.
The sky beast hits you but does no damage.
You hit the sky beast.
The sky beast is severely wounded.
You hit the sky beast.
The sky beast is almost dead.
The sky beast closely misses you.
You closely miss the sky beast.
The sky beast is almost dead.
You hit the sky beast.
The sky beast is almost dead.
The sky beast closely misses you.
You hit the sky beast.
You kill the sky beast!
The Council accepts your kill.
Your Stealth skill increases to level 6!
Something hits you.
You see here a sky beast corpse.
You closely miss something. Something hits you but does no damage.
You miss something. You barely miss something.
Something hits you but does no damage.
You closely miss something. You barely miss something.
You hear some strange, mumbled words.
A magic dart appears from out of thin air!
The magic dart hits you.
You barely miss something. You hit something but do no damage.
Something hits you.
You barely miss something. You barely miss something.
Something hits you but does no damage.
You miss something. You hit something. Lightning courses through something!!
The Council accepts your kill.
Reactivating autopickup.
You feel a bit more experienced.
Things that are here:
a +0 dagger; a +0 robe An orc comes into view.
It is wielding a +2 morningstar of protection.
The orc shouts!
You hit the orc but do no damage.
You hear a shout! x2
You hit the orc but do no damage. The orc misses you.
You hit the orc but do no damage. You hit the orc.
The orc is severely wounded.
The orc hits you with a +2 morningstar of protection.
You barely miss the orc.
The orc is severely wounded.
You hit the orc. Lightning courses through the orc!
You kill the orc!
The Council accepts your kill.
No target in view!
An orc comes into view. It is wielding a +0 dagger.
The orc hits you but does no damage.
You see here a +2 morningstar of protection.
You barely miss the orc. You puncture the orc!
You kill the orc!
The Council accepts your kill.
No target in view!
No target in view!
You see here a +0 dagger.
Found a stone staircase leading down.
An orc comes into view. It is wielding a +0 dagger.
There is an open door here.
You hit the orc but do no damage. Lightning courses through the orc!
You kill the orc!
The Council accepts your kill.
No target in view!
Things that are here:
a +0 dagger; a +0 leather armour
There is a stone staircase leading down here.
An orc wizard comes into view. It is wielding a +0 dagger.
Found Ybrukuep's General Store.
An orc wizard is nearby! 2 orcs come into view.
The orc wizard shouts!
An orc comes into view. It is wielding a +0 whip.
The orc shouts!
You puncture the orc! Lightning courses through the orc!!
You kill the orc!
The Council accepts your kill.
Things that are here:
a +0 war axe; a +0 orcbow You lunge at the orc wizard, in a flurry of attacks.
You hit the orc wizard.
The orc wizard is moderately wounded.
You closely miss the orc wizard.
The orc wizard is moderately wounded.
The orc wizard hits you but does no damage.
You closely miss the orc wizard.
The orc wizard is moderately wounded.
You hit the orc wizard but do no damage.
Lightning courses through the orc wizard!
The orc wizard is almost dead.
The orc wizard gestures wildly while chanting.
The orc wizard flickers and vanishes!
Deactivating autopickup; reactivate with Ctrl-A.
You closely miss something. You miss something.
Something hits you but does no damage.
You hit something. The Council accepts your kill.
Reactivating autopickup.
You feel a bit more experienced.
Things that are here:
a +0 dagger; a +0 robe You closely miss the orc.
The orc hits you but does no damage.
You puncture the orc! Lightning courses through the orc!
You kill the orc!
The Council accepts your kill.
L - a ring of poison resistance
Things that are here:
a +0 mace; an orc corpse You lunge at the orc, in a flurry of attacks.
You catch the helpless orc completely off-guard!
You skewer the orc like a kebab!!!
You kill the orc!
The Council accepts your kill.
You see here a +0 whip.
There is an open door here.
There is an entrance to Ybrukuep's General Store here.
Unknown command.
What level of the Dungeon? (default 6, ? - help)
There is an open door here.
You see here a +0 whip.
Things that are here:
a +0 mace; an orc corpse
Things that are here:
a +0 robe; a +0 dagger
Things that are here:
a +0 robe; a +0 dagger You see here a bullfrog corpse.
An ufetubus comes into view.
The ufetubus shouts!
You hit the ufetubus.
The ufetubus is heavily wounded.
You hear a shout!
The ufetubus misses you. x2
You hit the ufetubus. Lightning courses through the ufetubus!
You kill the ufetubus!
The Council accepts your kill.
Your Dodging skill increases to level 4!
You see here a howler monkey skeleton.
You lunge at the wight, in a flurry of attacks.
You hit the wight.
The wight is lightly damaged.
You hit the wight but do no damage.
The wight is lightly damaged.
The wight hits you with a +2 antimagic hand axe.
You hit the wight.
The wight is moderately damaged.
The wight hits you with a +2 antimagic hand axe.
You partially resist.
You feel drained.
You feel your power leaking away.
You puncture the wight!
The wight is severely damaged.
You hit the wight.
The wight is almost destroyed.
The wight misses you.
You hit the wight. Lightning courses through the wight!
You destroy the wight!
The Council accepts your kill.
Your life force feels restored.
What level of the Dungeon? (default 1, ? - help) Magic restored.
There is a stone staircase leading up here.
You climb upwards.
There is a stone staircase leading down here.
There is a stone staircase leading up here.
You climb upwards.
There is a stone staircase leading down here.
There is a stone staircase leading up here.
You climb upwards.
There is a stone staircase leading down here.
There is a stone staircase leading up here.
You climb upwards.
There is a stone staircase leading down here.
There is a stone staircase leading up here.
You climb upwards.
There is a stone staircase leading down here.
There is a stone staircase leading up here.
You climb upwards.
There is a stone staircase leading down here.
You open the door.
There is an open door here.
You open the door.
There is an open door here.
There is an open door here.
There is a staircase leading out of the dungeon here.
You have escaped!

Skill      XL: |  1  2  3  4  5  6  7  8  9 |
---------------+----------------------------+-----
Short Blades   | 3 4 5 6 7 9 10 | 10.0
Fighting       | 3 4 5 8 |  8.8
Dodging        | 4 |  4.2
Stealth        | 6 |  6.3
Throwing       | |  2.1

Action                     |  1- 3 |  4- 6 |  7- 9 || total
---------------------------+-------+-------+-------++-------
  Melee: Dagger            |   104 |    75 |   295 ||   474
         Punch             |       |       |     2 ||     2
  Throw: Dart              |       |     3 |     1 ||     4
Ability: Lunge             |       |       |    26 ||    26
  Evoke: Wand              |       |     1 |       ||     1
    Use: Scroll            |       |       |     1 ||     1
   Stab: Sleeping          |    24 |    13 |    15 ||    52
         Invisible         |       |     1 |     1 ||     2
         Distracted        |       |       |     2 ||     2
 Armour: Robe              |     5 |       |       ||     5
         Leather armour    |    15 |    22 |   103 ||   140
  Dodge: Dodged            |    50 |    33 |   124 ||   207

Levels and vault maps discovered:
D:1:      ncdulo_smallfort, layout_rooms, serial_shops, nicolae_shop_mannequins,
          minmay_tromino_i2
D:2:      layout_basic
D:3:      layout_basic, amcnicky_mini_pool_small, kennysheep_jessica_study
D:4:      layout_basic, minmay_misc_feat_secret_circle, uniq_natasha
D:5:      layout_basic, temple_hall, serial_demonic, serial_demonic_g,
          serial_demonic_b, serial_demonic_d, serial_demonic_e,
          serial_demonic_d, serial_demonic_f
D:6:      layout_rooms
D:7:      layout_basic, serial_shops, nicolae_shop_window_shopping, shop
Temple:   nicolae_temple_bog_church

Notes
Turn   | Place    | Note
-------+----------+-------------------------------------------
     0 | D:1      | scionoferis the Kobold Brigand began the quest for the Orb.
     0 | D:1      | Reached XP level 1. HP: 12/12 MP: 1/1
   130 | D:1      | Reached skill level 3 in Short Blades
   197 | D:1      | Reached XP level 2. HP: 18/18 MP: 2/2
   428 | D:1      | Reached XP level 3. HP: 22/22 MP: 3/3
   442 | D:1      | Noticed a +0 giant spiked club
   446 | D:1      | Found Cantysao's Weapon Emporium.
   449 | D:1      | Noticed a +0 triple crossbow
   460 | D:1      | Reached skill level 4 in Short Blades
   518 | D:1      | You fall into a shaft and drop 1 floor!
   991 | D:2      | Reached skill level 3 in Fighting
  1446 | D:3      | Reached XP level 4. HP: 28/28 MP: 4/4
  1844 | D:3      | Noticed Jessica
  1851 | D:3      | Killed Jessica
  1852 | D:3      | Reached skill level 5 in Short Blades
  2303 | D:4      | Noticed Natasha
  2308 | D:4      | Killed Natasha
  2309 | D:4      | Reached XP level 5. HP: 32/32 MP: 5/5
  2526 | D:4      | Noticed a black bear
  2561 | D:4      | Noticed Natasha
  2650 | D:1      | Bought a +2 dagger of electrocution for 187 gold pieces
  2723 | D:4      | Killed Natasha
  2724 | D:4      | Reached skill level 6 in Short Blades
  2742 | D:4      | Noticed Natasha
  2749 | D:4      | Killed Natasha
  2821 | D:4      | Noticed a kobold brigand
  2830 | D:4      | Killed a kobold brigand
  2831 | D:4      | Reached skill level 4 in Fighting
  2831 | D:4      | Reached XP level 6. HP: 25/38 MP: 6/6
  2918 | D:4      | Killed a black bear
  2919 | D:4      | Reached skill level 7 in Short Blades
  3015 | D:5      | Entered Level 5 of the Dungeon
  3039 | D:5      | Reached XP level 7. HP: 44/44 MP: 7/7
  3196 | D:5      | Reached skill level 8 in Short Blades
  3236 | D:5      | Reached skill level 5 in Fighting
  3673 | D:5      | Reached skill level 9 in Short Blades
  3709 | D:5      | Reached XP level 8. HP: 33/50 MP: 8/8
  3795 | D:5      | Found a staircase to the Ecumenical Temple.
  3801 | Temple   | Entered the Ecumenical Temple
  3817 | Temple   | Became a worshipper of the Wu Jian Council
  3987 | D:5      | HP: 5/51 [white imp/puff of frost (12)]
  4459 | D:6      | Reached skill level 6 in Fighting
  4459 | D:6      | Reached skill level 10 in Short Blades
  4631 | D:6      | Reached * piety under Wu Jian
  4632 | D:6      | Reached skill level 7 in Fighting
  5062 | D:7      | Reached skill level 8 in Fighting
  5151 | D:7      | Reached XP level 9. HP: 59/60 MP: 9/9
  5207 | D:7      | Reached skill level 2 in Dodging
  5270 | D:7      | Reached skill level 3 in Dodging
  5292 | D:7      | Reached skill level 6 in Stealth
  5373 | D:7      | Found Ybrukuep's General Store.
  5454 | D:7      | Reached skill level 4 in Dodging
  5619 | D:$      | Got out of the dungeon alive.

Vanquished Creatures
  2 black bears (D:4 D:5)
  A sky beast (D:7)
  An ogre (D:6)
  A centaur (D:7)
  3 kobold brigands (D:4 D:6)
  2 bullfrogs (D:6 D:7)
  2 wights (D:7)
  4 howler monkeys (D:7)
  3 jellies (D:5 D:6)
  3 hounds (D:5 D:6)
  An orc priest (D:5)
  A sleepcap (D:6)
  Jessica (D:3)
  Natasha (thrice) (D:4)
  An iguana (D:5)
  6 orc wizards (D:5 D:6 D:7)
  4 gnolls (D:5)
  4 adders (D:5 D:6)
  6 shadow imps (D:5)
  3 white imps (D:5)
  3 ufetubi (D:5 D:6 D:7)
  3 worms (D:2 D:3 D:4)
  A dart slug (D:2)
  21 orcs (D:3 D:5 D:7)
  5 endoplasms (D:1 D:2 D:3)
  9 hobgoblins (D:1 D:2)
  2 jackals (D:2)
  2 quokkas (D:1 D:3)
  10 ball pythons (D:1 D:2 D:3 D:4)
  3 bats (D:2 D:3)
  4 frilled lizards (D:1 D:2 D:3)
  5 goblins (D:1 D:3 D:4)
  13 kobolds (D:1 D:2 D:3 D:4 D:6)
  6 rats (D:1 D:2)
139 creatures vanquished.

Table legend: (Time is in decaauts)
 A = Elapsed time spent in this place.
 B = Non-inter-level travel time spent in this place.
 C = Inter-level travel time spent in this place.
 D = Time resting spent in this place.
 E = Time spent auto-exploring this place.
 F = Levels seen in this place.
 G = Mean time per level.
                   A        B        C        D        E       F      G
               +--------+--------+--------+--------+--------+-----+--------+
         Total |   5467 |   4946 |    521 |    395 |   3481 |   8 |  683.4 |
       Dungeon |   5433 |   4943 |    490 |    395 |   3481 |   7 |  776.1 |
        Temple |     33 |      2 |     31 |      0 |      0 |   1 |   33.0 |
               +--------+--------+--------+--------+--------+-----+--------+

Top non-repeatable levels by time:
     D:5: 1008 daAuts
     D:4: 947 daAuts
     D:2: 854 daAuts
     D:6: 781 daAuts
     D:3: 777 daAuts
     D:1: 644 daAuts
     D:7: 419 daAuts
  Temple: 33 daAuts

Table legend:
 A = Non-vault XP
 B = Vault XP
 C = Vault XP percentage of total XP
 D = Non-vault monster count
 E = Vault monster count
 F = Vault count percentage of total count
                 A         B        C        D         E       F
            +---------+---------+-------+---------+---------+-------
      Total |    2457 |     165 |   6.3 |     127 |      12 |   8.6
            +---------+---------+-------+---------+---------+-------
        D:1 |      32 |       2 |   5.9 |      20 |       1 |   4.8
        D:2 |      29 |       0 |   0.0 |      15 |       0 |   0.0
        D:3 |      29 |      39 |  57.4 |      15 |       2 |  11.8
        D:4 |     317 |      35 |   9.9 |      10 |       1 |   9.1
        D:5 |     589 |      89 |  13.1 |      31 |       8 |  20.5
        D:6 |     647 |       0 |   0.0 |      17 |       0 |   0.0
        D:7 |     814 |       0 |   0.0 |      19 |       0 |   0.0
            +---------+---------+-------+---------+---------+-------
